 Dungeon Crawl Stone Soup version 0.31-a0-1111-ga3525b893c (webtiles) character file.

Game seed: 1638280864810369270

48078 Crownlay the Martial Artist (level 14, -3/109 (110) HPs)
             Began as a Demonspawn Brigand on Dec 3, 2023.
             Was the Champion of Cheibriados.
             Killed from afar by a lava snake (16 damage)
             ... with a glob of lava
             ... on level 5 of the Lair of Beasts.
             The game lasted 00:32:55 (16849 turns).

Crownlay the Martial Artist (Demonspawn Brigand)   Turns: 16849, Time: 00:32:56

HP:   -3/109 (110)  AC:  8    Str: 28    XL:     14   Next: 10%
MP:   23/23         EV: 32    Int: 27    God:    Cheibriados [******]
Gold: 1208          SH:  5    Dex: 33    Spells: 13/13 levels left

rFire   . . .        c - +10 hammer of Dishonour {drain, rPois rF- rCorr MP+9}
rCold   . . .        (no shield)
rNeg    . . .        F - +1 ring mail {rF+}
rPois   +            (helmet restricted)
rElec   .            (cloak unavailable)
rCorr   +            i - +0 pair of gloves
SInv    .            (no boots)
Will    ++...        h - amulet of reflection
Stlth   ++++         s - +5 ring of evasion
HPRegen 0.38/turn    l - +5 ring of evasion
MPRegen 0.36/turn

%: reflection
@: lightly drained, very slow
A: horns 2, magic regeneration, condensation shield, demonic willpower, weakness
stinger 3, inability to read after injury 1
a: Renounce Religion, Bend Time, Temporal Distortion, Slouch, Step From Time


You were on level 5 of the Lair of Beasts.
You worshipped Cheibriados.
Cheibriados was exalted by your worship.
You visited 3 branches of the dungeon, and saw 17 of its levels.
You also visited: Bailey.

You collected 1208 gold pieces.

Inventory:

Hand Weapons
 a - a +2 dagger
 c - the +10 hammer of Dishonour (weapon) {drain, rPois rF- rCorr MP+9}
   (You found it on level 2 of the Dungeon)

   rF-:       It makes you vulnerable to fire.
   rPois:     It protects you from poison MP+9: It affects your magic capacity
   (+9).
   rCorr:     It protects you from acid and corrosion.
Missiles
 d - 11 poisoned darts (quivered)
 e - 3 curare-tipped darts
Armour
 i - a +0 pair of gloves (worn)
 F - a +1 ring mail of fire resistance (worn)
Jewellery
 f - a ring of resist corrosion
 h - an amulet of reflection (around neck)
 l - a +5 ring of evasion (right hand)
 s - a +5 ring of evasion (left hand)
 t - a ring of protection from cold
 A - a ring of fire
 I - a ring of ice
 Q - a ring of protection from cold
 U - a ring of positive energy
Wands
 b - a wand of acid (6)
 o - a wand of roots (8)
 w - a wand of polymorph (6)
 x - a wand of charming (12)
 y - a wand of mindburst (16)
 B - a wand of flame (18)
Scrolls
 g - 4 scrolls of fear
 j - 2 scrolls of enchant weapon
 q - 2 scrolls of teleportation {unknown}
 u - 2 scrolls of summoning {unknown}
 v - 2 scrolls of fog
 z - 4 scrolls of vulnerability {unknown}
 E - a scroll of poison
 G - a scroll of immolation
 O - a scroll of blinking
 S - 3 scrolls of revelation
 T - a scroll of acquirement {unknown}
Potions
 k - 5 potions of ambrosia {unknown}
 m - 2 potions of attraction {unknown}
 n - 4 potions of might {unknown}
 p - a potion of magic {unknown}
 r - a potion of enlightenment {unknown}
 C - 6 potions of curing {unknown}
 D - a potion of mutation {unknown}
 H - 2 potions of berserk rage {unknown}
 J - a potion of lignification {unknown}
 K - 3 potions of cancellation {unknown}
 L - 2 potions of resistance {unknown}
 M - 2 potions of invisibility {unknown}
 N - 6 potions of haste {unknown}
 R - 2 potions of brilliance {unknown}


   Skills:
 - Level 10.0 Fighting
 - Level 2.5 Short Blades
 * Level 11.6 Maces & Flails
 - Level 4.0 Throwing
 + Level 5.6 Armour
 + Level 9.2 Dodging
 + Level 8.8 Stealth
 * Level 11.7 Unarmed Combat


You had 13 spell levels left.
You didn't know any spells.
Your spell library contained the following spells:

 Spells                   Type           Power      Damage    Failure   Level
 Dazzling Flash           Conj/Hex       0%         N/A       45%         3
 Volatile Blastmotes      Fire/Tloc      0%         2d10      45%         3
 Vhi's Electric Charge    Tloc/Air       0%         N/A       86%         4
 Arcjolt                  Conj/Air       0%         1d10      99%         5
 Starburst                Conj/Fire      0%         6d3       100%        6
 Maxwell's Capacitive Co  Air            0%         ∞         100%        8


Dungeon Overview and Level Annotations

Branches:
Dungeon (11/15)            Temple (1/1) D:7            Lair (5/5) D:11
 Shoals (0/4) Lair:3       Spider (0/4) Lair:3        Slime (0/5) Lair:4
    Orc (0/2) D:9          Bailey (visited)

Altars:
Ashenzari
Cheibriados
Dithmenos
Fedhas
Gozag
Hepliaklqana
Kikubaaqudgha
Makhleb
Nemelex Xobeh
Okawaru
Qazlal
Ru
Sif Muna
Trog
Uskayaw
Vehumet
Wu Jian
Xom
Yredelemnul

Shops:
D:9 (

Annotations:
Lair:5 exclusion: oklob plant


Innate Abilities, Weirdness & Mutations

You have a pair of horns on your head.
You regenerate magic rapidly.
A meltable shield of frost defends you. (SH +0)
You punish those that try to bend your will. (Will+)
You have a sharp stinger which inflicts weakening toxins.
You occasionally lose the ability to read scrolls when taking damage.


Message History

Aiming: Mindburst
Press: ? - help, Shift-Dir - straight line, f/p - lava snake
Aim: a lava snake (lava, heavily wounded, catching its breath, chance to affect: 72%)
The lava snake's mind is blasted!!
You blow up the lava snake!
Cheibriados appreciates the change of pace.
You can read scrolls again.
A fire crab is nearby!
Aiming: Mindburst
Press: ? - help, Shift-Dir - straight line, f - fire crab
Aim: a fire crab (lava, chance to affect: 47%)
The fire crab resists with some effort.
You hear an angry hiss.
You see here a black mamba corpse. 2 lava snakes come into view.
The lava snake spits lava at you. The glob of lava hits you!
You are too injured to fight recklessly!
You are too injured to fight recklessly!
You closely miss the fire crab. You hit the fire crab.
The fire crab is lightly wounded.
The fire crab breathes flames at you. The blast of flame engulfs you!
You hit the fire crab. You drain the fire crab. You headbutt the fire crab.
You punch the fire crab.
The fire crab is lightly wounded.
You are engulfed in blazing flames.
* * * LOW HITPOINT WARNING * * *
The fire crab closely misses you. The fire crab misses you.
The lava snake spits lava at you. The glob of lava misses you.
You sock the fire crab!
You tail-slap the fire crab, but do no damage.
The fire crab is moderately wounded.
You are engulfed in blazing flames.
* * * LOW HITPOINT WARNING * * *
The lava snake spits lava at you. The glob of lava hits you!
You die...

# ≈§.# ###.#..... ..§(###
# §# ≈# #####..#
h....#8#. ≈#≈§≈ ######.P
........## §#§# #...#...
........8 #§§§# ##.......
........##≈≈≈# #........
.......°°#≈≈# #......P.
.......#tSS### ###.....P
.......#@°##.#######.....
#..§≈≈###°°#..8#8# #....#
##≈≈≈≈§≈≈≈°.....## ###...
#§§§§≈≈≈≈#......######..
≈§######≈≈≈.....)...####.
§# ##≈≈§#§........#.)
#≈≈§≈##........##
.#≈≈........####.#
.#≈#.......## ##.


You could see a fire crab (drained) and 2 lava snakes.

Vanquished Creatures
  3 hydras
  4 two-headed ogres
  A boulder beetle (D:11)
  A death yak (Lair:4)
  5 skysharks
  A lindwurm (Lair:3)
  A manticore (D:11)
  2 merfolk sirens (Lair:3)
  A rust devil (D:10)
  22 elephants
  6 black mambas
  3 molten gargoyles (Lair:5)
  An orange demon (D:10)
  Maggie (D:6)
  5 cane toads
  A torpor snail (Lair:4)
  8 komodo dragons
  4 unseen horrors (D:11)
  3 rime drakes
  2 merfolk (Lair:3)
  A red devil (D:10)
  2 polar bears
  A hellwing (D:10)
  4 dream sheep (Lair:5)
  13 blink frogs
  3 jumping spiders (Lair:3)
  2 shadows (D:11)
  A culicivora (Lair:3)
  A wraith (D:10)
  Sigmund (D:6)
  A wyvern (D:10)
  37 yaks
  3 spriggans (Bailey)
  A basilisk (Lair:3)
  2 neqoxecs (D:10)
  A chaos spawn (D:10)
  5 steam dragons
  4 vampire mosquitoes (D:11)
  2 redbacks (Lair:3)
  Menkaure (D:6)
  Edmund (D:6)
  13 water moccasins
  3 hell hounds (Lair:5)
  6 orc warriors
  A black bear (D:7)
  2 ice beasts (D:8)
  2 sky beasts (D:8)
  25 wolves
  7 centaurs
  7 ogres (Bailey)
  A kobold brigand (D:9)
  8 bullfrogs
  2 gnoll sergeants
  A scorpion (D:5)
  5 wights (D:7)
  3 killer bees (D:9)
  An electric eel (Lair:4)
  2 howler monkeys
  A lava snake (Lair:5)
  Crazy Yiuf (D:2)
  4 jellies
  5 hounds
  7 orc priests
  5 iguanas
  10 orc wizards
  3 sleepcaps
  5 hell rats (Lair:2)
  9 gnolls
  5 adders
  2 ufetubi (D:5)
  2 dart slugs
  31 orcs
  9 ball pythons
  10 endoplasms
  4 giant cockroaches
  9 goblins
  7 hobgoblins
  5 jackals
  11 kobolds
  6 quokkas
  6 bats
  2 frilled lizards
  6 rats
416 creatures vanquished.

Notes
Turn   | Place    | Note
-------+----------+-------------------------------------------
     0 | D:1      | Crownlay the Demonspawn Brigand began the quest for the
                  | Orb.
     0 | D:1      | Reached XP level 1. HP: 16/16 MP: 1/1
    87 | D:1      | Reached skill level 1 in Dodging
   221 | D:1      | Discovered your monstrous ancestry.
   221 | D:1      | Gained mutation: You have a pair of small horns on your
                  | head. [demonic ancestry]
   221 | D:1      | Reached XP level 2. HP: 20/22 MP: 2/2
   532 | D:1      | Gained mutation: You have a small tail. [demonic ancestry]
   532 | D:1      | Reached XP level 3. HP: 28/28 MP: 3/3
  1461 | D:2      | Gained mutation: You have a tail ending in a sharp stinger.
                  | [demonic ancestry]
  1461 | D:2      | Reached XP level 4. HP: 34/34 MP: 4/4
  1659 | D:2      | Found a runed translucent door.
  1660 | D:2      | Noticed Crazy Yiuf
  1674 | D:2      | Killed Crazy Yiuf
  1675 | D:2      | Reached skill level 1 in Armour
  1694 | D:2      | Identified the +10 hammer of Dishonour {drain, rPois rF-
                  | rCorr MP+9}
  1840 | D:3      | Reached skill level 1 in Unarmed Combat
  1841 | D:3      | Reached XP level 5. HP: 40/40 MP: 5/5
  1947 | D:3      | Found a bloodstained altar of Trog.
  2197 | D:4      | Identified the +0 leather armour "Munuduroj" {rPois Str-4
                  | Stlth+}
  2341 | D:4      | Reached skill level 1 in Maces & Flails
  2453 | D:4      | Found an ancient bone altar of Kikubaaqudgha.
  2470 | D:4      | Gained mutation: You have a pair of horns on your head.
                  | [demonic ancestry]
  2470 | D:4      | Reached XP level 6. HP: 46/47 MP: 6/6
  2626 | D:5      | Entered Level 5 of the Dungeon
  2829 | D:5      | Reached XP level 7. HP: 53/53 MP: 7/7
  3259 | D:6      | Noticed Maggie
  3260 | D:6      | Noticed Sigmund
  3280 | D:6      | Killed Maggie
  3281 | D:6      | Reached XP level 8. HP: 9/60 MP: 8/8
  3283 | D:6      | Killed Sigmund
  3674 | D:6      | Noticed Menkaure
  3678 | D:6      | Killed Menkaure
  3732 | D:6      | Reached skill level 5 in Unarmed Combat
  3902 | D:6      | Noticed Edmund
  3911 | D:6      | Killed Edmund
  3912 | D:6      | Reached skill level 5 in Maces & Flails
  4029 | D:6      | Found a shadowy altar of Dithmenos.
  4071 | D:6      | Found a burning altar of Makhleb.
  4073 | D:6      | Found a shimmering blue altar of Sif Muna.
  4073 | D:6      | Found an iron altar of Okawaru.
  4075 | D:6      | Found a shimmering altar of Xom.
  4075 | D:6      | Found a stormy altar of Qazlal.
  4356 | D:7      | Gained mutation: You regenerate magic rapidly. [demonic
                  | ancestry]
  4356 | D:7      | Reached XP level 9. HP: 65/65 MP: 9/9
  5113 | D:7      | Found a staircase to the Ecumenical Temple.
  5467 | Temple   | Entered the Ecumenical Temple
  5480 | Temple   | Became a worshipper of Cheibriados the Contemplative
  6081 | D:9      | Reached * piety under Cheibriados
  6123 | D:9      | Reached skill level 5 in Fighting
  6132 | D:9      | Found a staircase to the Orcish Mines.
  6516 | D:9      | You fall into a shaft and drop 1 floor!
  6516 | D:10     | Entered Level 10 of the Dungeon
  6568 | D:10     | Noticed a rust devil
  6568 | D:10     | Noticed an orange demon
  6568 | D:10     | Noticed a hellwing
  6690 | D:10     | Found a flagged portal.
  6708 | D:10     | Reached XP level 10. HP: 5/74 MP: 10/10
  6715 | Bailey   | Entered a bailey
  6944 | Bailey   | Reached skill level 5 in Dodging
  7123 | Bailey   | Reached ** piety under Cheibriados
  7279 | Bailey   | Noticed a two-headed ogre
  7296 | Bailey   | Killed a two-headed ogre
  7755 | D:9      | Found Ashotzo's Firing Range.
  8277 | D:10     | Killed an orange demon
  8493 | D:10     | Gained mutation: You occasionally lose the ability to read
                  | scrolls when taking damage. [a neqoxec]
  8643 | D:10     | Killed a rust devil
  8824 | D:10     | Gained mutation: You have a sharp stinger which inflicts
                  | weakening toxins. [demonic ancestry]
  8824 | D:10     | Reached XP level 11. HP: 83/83 MP: 11/11
  8850 | D:11     | Reached skill level 5 in Stealth
  9018 | D:11     | Reached *** piety under Cheibriados
  9217 | D:11     | Found a staircase to the Lair.
  9455 | D:11     | Noticed a two-headed ogre
  9462 | D:11     | Killed a two-headed ogre
  9753 | D:11     | Noticed a boulder beetle
  9764 | D:11     | Killed a boulder beetle
 10081 | D:11     | Noticed a two-headed ogre
 10091 | D:11     | Killed a two-headed ogre
 10206 | D:11     | Noticed a two-headed ogre
 10215 | D:11     | Killed a two-headed ogre
 10677 | Lair:1   | Entered Level 1 of the Lair of Beasts
 10962 | Lair:1   | Reached **** piety under Cheibriados
 11473 | Lair:2   | Reached XP level 12. HP: 73/93 MP: 12/12
 11636 | Lair:2   | HP: 1/84 [hell rat (14)]
 11928 | Lair:2   | Reached ***** piety under Cheibriados
 12606 | Lair:3   | Reached skill level 10 in Unarmed Combat
 12697 | Lair:3   | Reached skill level 10 in Maces & Flails
 12979 | Lair:3   | Noticed an eight-headed hydra
 12993 | Lair:3   | Killed an eight-headed hydra
 13112 | Lair:3   | Found a staircase to the Shoals.
 13646 | Lair:3   | Gained mutation: A meltable shield of frost defends you.
                  | (SH +0) [demonic ancestry]
 13646 | Lair:3   | Reached XP level 13. HP: 101/101 MP: 13/13
 13697 | Lair:3   | Found a hole to the Spider Nest.
 14405 | Lair:4   | Found a staircase to the Slime Pits.
 14414 | Lair:4   | Reached ****** piety under Cheibriados
 15307 | Lair:5   | Entered Level 5 of the Lair of Beasts
 15660 | Lair:5   | Reached skill level 5 in Armour
 16309 | Lair:5   | Reached skill level 10 in Fighting
 16462 | Lair:5   | Gained mutation: You punish those that try to bend your
                  | will. (Will+) [demonic ancestry]
 16462 | Lair:5   | Reached XP level 14. HP: 108/110 MP: 14/14
 16849 | Lair:5   | Killed from afar by a lava snake

Illustrated notes

Levels and vault maps discovered:
D:1:      matt_arrival_spirals, layout_rooms
D:2:      layout_basic, uniq_crazy_yiuf_cottage
D:3:      layout_rooms, bloody_trog
D:4:      layout_rooms, kiku_gazebo_pond_becter
D:5:      layout_rooms, chequers_serial_rivers_room_b
D:6:      layout_rooms, general_overflow_altar, doesnt_xom_only_xom,
          nicolae_underground_beach, uniq_maggie, uniq_menkaure, uniq_edmund,
          uniq_sigmund
D:7:      kennysheep_steamy, layout_basic, temple_pool_b
D:8:      layout_rooms
D:9:      layout_basic, david_orc_3, nicolae_shop_firing_range
D:10:     layout_rooms, enter_bailey_5, nicolae_neqoxec_dot_bat
D:11:     layout_loops_corners, lair_entry_dummy, hangedman_corner_corridor
Temple:   nicolae_temple_bog_church
Lair:1:   layout_chaotic_city
Lair:2:   layout_small_grid, infiniplex_staircase_pool
Lair:3:   layout_loops_ring, elwin_shoals_entry_stream,
          nicolae_spider_entry_tight_spaces, serial_bayou_pond_d
Lair:4:   layout_roguey, nicolae_slime_entry_slimehenge, grunt_megastairs_1,
          lemuel_fruit_fields, serial_bayou_shore_a
Lair:5:   cheibrodos_lair_end_hotspot, layout_long_grid, minivault_19

Skill      XL: |  1  2  3  4  5  6  7  8  9 10 11 12 13 |
---------------+----------------------------------------+-----
Dodging        | 1 2 3 4 6 7 8 9 |  9.2
Short Blades   | 2 |  2.5
Throwing       | 2 3 4 |  4.0
Armour         | 1 2 4 5 |  5.6
Unarmed Combat | 1 2 3 5 7 8 9 10 11 | 11.7
Fighting       | 3 4 5 6 8 9 10 | 10.0
Maces & Flails | 1 3 5 7 8 9 10 11 | 11.6
Stealth        | 4 6 7 8 |  8.8

Action                     |  1- 3 |  4- 6 |  7- 9 | 10-12 | 13-15 || total
---------------------------+-------+-------+-------+-------+-------++-------
  Melee: Dagger            |    97 |    14 |       |       |       ||   111
         Headbutt          |    11 |    15 |    44 |   110 |   118 ||   298
         Punch             |     1 |     2 |     5 |    36 |    33 ||    77
         Tailslap          |     7 |    15 |    30 |    89 |    77 ||   218
         Mace              |       |    71 |   230 |   476 |   381 ||  1158
  Throw: Dart              |    53 |    31 |    25 |    71 |    20 ||   200
         Throwing net      |       |       |       |     1 |       ||     1
  Evoke: Wand              |       |       |     7 |     8 |     3 ||    18
    Use: Scroll            |       |       |     6 |     6 |       ||    12
         Potion            |       |       |       |     4 |     1 ||     5
   Stab: Sleeping          |     3 |     5 |     3 |     3 |     7 ||    21
         Distracted        |       |       |       |       |     1 ||     1
 Armour: Robe              |    31 |     6 |       |       |       ||    37
         Leather armour    |       |    13 |    36 |       |       ||    49
         Ring mail         |       |       |    46 |   231 |   145 ||   422
  Dodge: Dodged            |    32 |    76 |   234 |   558 |   643 ||  1543
  Block: Other             |    14 |    17 |    48 |   104 |   173 ||   356
         Reflection        |       |     1 |     3 |     2 |       ||     6

Table legend: (Time is in decaauts)
 A = Elapsed time spent in this place.
 B = Non-inter-level travel time spent in this place.
 C = Inter-level travel time spent in this place.
 D = Time resting spent in this place.
 E = Time spent auto-exploring this place.
 F = Levels seen in this place.
 G = Mean time per level.
                   A        B        C        D        E       F      G
               +--------+--------+--------+--------+--------+-----+--------+
         Total |  20908 |  20287 |    621 |    215 |  16406 |  18 | 1161.6 |
       Dungeon |  11329 |  10911 |    418 |     88 |   8784 |  11 | 1029.9 |
        Temple |     30 |      3 |     27 |      0 |      0 |   1 |   30.0 |
          Lair |   8742 |   8566 |    176 |    127 |   7003 |   5 | 1748.4 |
        Bailey |    805 |    805 |      0 |      0 |    618 |   1 |  805.0 |
               +--------+--------+--------+--------+--------+-----+--------+

Top non-repeatable levels by time:
    D:11: 2379 daAuts
  Lair:4: 2220 daAuts
  Lair:3: 2046 daAuts
  Lair:5: 1798 daAuts
  Lair:2: 1669 daAuts
     D:9: 1389 daAuts
    D:10: 1349 daAuts
     D:7: 1256 daAuts
     D:2: 1161 daAuts
     D:6: 1067 daAuts
  Lair:1: 1007 daAuts
  Bailey: 805 daAuts
     D:8: 678 daAuts
     D:1: 620 daAuts
     D:5: 585 daAuts
